 Dungeon Crawl Stone Soup version 0.28-a0-649-g2b6bb2fd11 (webtiles) character file.

Game seed: 10629098738145352897

7 Gargoyl the Skirmisher (level 2, 0/29 HPs)
             Began as a Gnoll Abyssal Knight on Oct 11, 2021.
             Was a Follower of Lugonu.
             Blown up by a great orb of eyes (3 damage)
             ... with a mindburst bolt
             ... on level 1 of the Abyss.
             The game lasted 00:00:24 (243 turns).

Gargoyl the Skirmisher (Gnoll Abyssal Knight)        Turns: 243, Time: 00:00:24

Health: 0/29       AC:  3    Str: 12    XL:     2   Next: 4%
Magic:  5/5        EV: 12    Int:  9    God:    Lugonu [*.....]
Gold:   12         SH:  0    Dex: 12    Spells: 1/1 levels left

rFire   . . .      SeeInvis .   a - +1 hand axe
rCold   . . .      Faith    .   (no shield)
rNeg    . . .      Spirit   .   b - +0 leather armour
rPois   .          Reflect  .   (no helmet)
rElec   .          Harm     .   (no cloak)
rCorr   .          Rampage  .   (no gloves)
Will    .....                   (no boots)
Stlth   +.........              (no amulet)
HPRegen 0.09/turn               (no ring)
MPRegen 0.09/turn               (no ring)

@: no status effects
A: fangs 1, strong nose, distributed training
a: Renounce Religion, Depart the Abyss


You were on level 1 of the Abyss.
You worshipped Lugonu.
Lugonu was aware of your devotion.
You visited 0 branches of the dungeon, and saw 0 of its levels.
You visited the Abyss 1 time.

You collected 12 gold pieces.

Inventory:

Hand Weapons
 a - a +1 hand axe (weapon)
Armour
 b - a +0 leather armour (worn)
Scrolls
 c - 3 scrolls of teleportation {unknown}


   Skills:
 + Level 6.4 Fighting
 + Level 0.2 Short Blades
 + Level 0.2 Long Blades
 + Level 4.4 Axes
 + Level 0.2 Maces & Flails
 + Level 0.2 Polearms
 + Level 0.2 Staves
 + Level 0.2 Slings
 + Level 0.2 Bows
 + Level 0.2 Crossbows
 + Level 0.2 Throwing
 + Level 4.4 Armour
 + Level 2.4 Dodging
 + Level 0.2 Stealth
 + Level 0.2 Shields
 + Level 0.2 Unarmed Combat
 + Level 0.2 Spellcasting
 + Level 0.1 Conjurations
 + Level 0.1 Hexes
 + Level 0.1 Summonings
 + Level 0.1 Necromancy
 + Level 0.1 Translocations
 + Level 0.1 Transmutations
 + Level 0.1 Fire Magic
 + Level 0.1 Ice Magic
 + Level 0.1 Air Magic
 + Level 0.1 Earth Magic
 + Level 0.1 Poison Magic
 + Level 4.4 Invocations
 + Level 0.2 Evocations


You had one spell level left.
You didn't know any spells.
Your spell library was empty.

Dungeon Overview and Level Annotations

Branches:
Dungeon (0/15)

Altars:


Innate Abilities, Weirdness & Mutations

You have very sharp teeth.
Your uncanny sense of smell can sniff out nearby items.
Your experience applies equally to all skills.


Message History

The white imp is heavily wounded.
The white imp misses you.
You hit the white imp.
The white imp is almost dead.
The white imp hits you. The white imp freezes you.
You hit the white imp.
You kill the white imp!
You have reached level 2!
Unknown command.
Key pressed, stopping explore.
Key pressed, stopping explore.
HP restored.
An eye of devastation comes into view.
An eye of devastation is nearby!
A tormentor comes into view.
The tormentor calls on the powers of darkness!
Your body is wracked with pain!
The tormentor shouts, "I'll tear you apart!"
The tormentor calls on the powers of darkness!
Your body is wracked with pain!
Found a robe.
The tormentor calls on the powers of darkness!
Your body is wracked with pain!
* * * LOW HITPOINT WARNING * * *
Unknown command.
Found 3 scrolls labelled OWNOSCH BOUNAMA.
The tormentor barely misses you. The tormentor hits you.
* * * LOW HITPOINT WARNING * * *
You see here a +0 robe.
The tormentor calls on the powers of darkness!
You feel a surge of unholy energy.
A great orb of eyes comes into view.
The tormentor calls on the powers of darkness!
You feel a surge of unholy energy.
The great orb of eyes convulses!
The great orb of eyes turns its gaze towards you.
You see here 3 scrolls labelled OWNOSCH BOUNAMA.
c - 3 scrolls labelled OWNOSCH BOUNAMA The great orb of eyes gazes at you.
Your mind is blasted!
You die...

## .# #. #.## #.
..G ...#.# ## .. .
...##.#.# .# #.
#..##..# #
#...##.##...#@# .#
...#....#..2.#.#.#
# .......#......#
........#..#.#....#
...........###.#...
.. #....#.....###
.. . . .##. [##.#..
. .#.. #..####....#
...#. #
#....####.#..


You could see a great orb of eyes and a tormentor.

Vanquished Creatures
  A white imp (Abyss:1)
1 creature vanquished.

Notes
Turn   | Place    | Note
-------+----------+-------------------------------------------
     0 | Abyss:1  | Gargoyl the Gnoll Abyssal Knight began the quest for the
                  | Orb.
     0 | Abyss:1  | Reached XP level 1. HP: 23/23 MP: 3/3
    40 | Abyss:1  | Reached XP level 2. HP: 17/29 MP: 5/5
   184 | Abyss:1  | Noticed an eye of devastation
   223 | Abyss:1  | Noticed a tormentor
   242 | Abyss:1  | Noticed a great orb of eyes
   243 | Abyss:1  | Blown up by a great orb of eyes

Illustrated notes

Levels and vault maps discovered:
Abyss:1:  base: Temple, base:
Temple

Action                   || total
-------------------------++-------
Melee: Hand axe          ||     4
Dodge: Dodged            ||     2

Table legend: (Time is in decaauts)
 A = Elapsed time spent in this place.
 B = Non-inter-level travel time spent in this place.
 C = Inter-level travel time spent in this place.
 D = Time resting spent in this place.
 E = Time spent auto-exploring this place.
 F = Levels seen in this place.
 G = Mean time per level.
                   A        B        C        D        E       F      G
               +--------+--------+--------+--------+--------+-----+--------+
         Total |    243 |    243 |      0 |      0 |    178 |   1 |  243.0 |
         Abyss |    243 |    243 |      0 |      0 |    178 |   1 |  243.0 |
               +--------+--------+--------+--------+--------+-----+--------+

Top non-repeatable levels by time:
 Abyss:1: 243 daAuts
